 Dungeon Crawl Stone Soup version 0.22-a0-460-g49b1da7 (webtiles) character file.

765342 George the Swordmaster (level 27, -4/290 HPs)
             Began as a Minotaur Fighter on June 9, 2018.
             Was the Champion of the Shining One.
             Killed by divine providence
             ... invoked by a daeva
              (10 damage)
             ... in Pandemonium.
             The game lasted 03:05:08 (64465 turns).

George the Swordmaster (Minotaur Fighter)          Turns: 64465, Time: 03:05:09

Health: -4/290     AC: 44    Str: 34    XL:     27
Magic:  21/29      EV: 28    Int:  3    God:    the Shining One [******]
Gold:   8263       SH: 48    Dex: 23    Spells: 26/26 levels left

rFire    + + +     SeeInvis .   Y - +9 eudemon blade (holy)
rCold    + . .     Gourm    .   R - +0 large shield {rF+}
rNeg     + + +     Faith    .   o - +10 plate armour of Focus {Regen+ Slay+2}
rPois    +         Spirit   .   z - +2 hat {MR+}
rElec    .         Reflect  +   h - scarf {cloud immunity}
rCorr    .         Harm     .   X - +3 pair of gauntlets of War {Slay+5}
MR       +++..     Rnd*Rage +   J - +2 pair of boots {Fly}
Stlth    ..........             S - +5 amulet of reflection
HPRegen  0.98/turn              g - ring "Hupayt" {rF+ Str+3 Dex+5 Stlth+}
MPRegen  0.21/turn              D - ring "Sauneen" {rF+ rC+ rN+}

@: mighty, divine shield, about to teleport, flying, glowing
A: retaliatory headbutt, horns 2, talons 1, yellow scales 1, berserk 1, dopey 1,
low mp 2, poison resistance, robust 1
}: 5/15 runes: barnacled, silver, abyssal, demonic, gossamer
a: Divine Shield, Cleansing Flame, Summon Divine Warrior, Renounce Religion,
Stop Flying


You were in Pandemonium.
You worshipped the Shining One.
The Shining One was exalted by your worship.
You were near starving.

You visited 11 branches of the dungeon, and saw 49 of its levels.
You visited Pandemonium 1 time, and saw 10 of its levels.
You visited the Abyss 1 time.
You also visited: Ossuary and Ice Cave.

You collected 10351 gold pieces.
You spent 2088 gold pieces at shops.

Inventory:

Hand Weapons
 e - the +6 falchion of Azisk {slice, +Inv rElec Dex-3}
   (You found it on level 4 of the Depths)

   It inflicts extra damage upon your enemies.
   It affects your dexterity (-3).
   It insulates you from electricity.
   It lets you turn invisible.
 Y - a +9 eudemon blade of holy wrath (weapon)
Missiles
 p - 11 throwing nets (quivered)
Armour
 h - a scarf of cloud immunity (worn)
 o - the +10 plate armour of Focus (worn) {Regen+ Slay+2}
   (You took it off a deep elf high priest on level 3 of the Elven Halls)

   It affects your accuracy and damage with ranged weapons and melee attacks
   (+2).
   It increases your rate of regeneration.
 z - a +2 hat of magic resistance (worn)
 J - a +2 pair of boots of flying (worn)
 O - the +11 plate armour "Dushuat" {rElec}
   (You bought it in a shop on level 2 of the Orcish Mines)

   It insulates you from electricity.
 P - a scarf of repulsion
 R - a +0 large shield of fire resistance (worn)
 U - +1 gold dragon scales
 X - the +3 pair of gauntlets of War (worn) {Slay+5}
   (You found it on level 5 of the Vaults)

   It affects your accuracy and damage with ranged weapons and melee attacks
   (+5).
Jewellery
 g - the ring "Hupayt" (left hand) {rF+ Str+3 Dex+5 Stlth+}
   (You acquired it on level 5 of the Depths)

   [ring of stealth]

   It affects your strength (+3).
   It affects your dexterity (+5).
   It protects you from fire.
   It makes you more stealthy.
 y - an uncursed ring of resist corrosion
 D - the ring "Sauneen" (right hand) {rF+ rC+ rN+}
   (You found it in Pandemonium)

   [ring of protection from cold]

   It protects you from fire.
   It protects you from cold.
   It protects you from negative energy.
 I - the ring "Wetsa" {rPois Int+4 Slay+3}
   (You acquired it on level 5 of the Depths)

   [ring of poison resistance]

   It affects your intelligence (+4).
   It affects your accuracy and damage with ranged weapons and melee attacks
   (+3).
   It protects you from poison.
 S - a +5 amulet of reflection (around neck)
 T - the ring "Zawkoex" {rElec rPois rF+ rC- Int+7}
   (You found it in Pandemonium)

   [ring of protection from fire]

   It affects your intelligence (+7).
   It protects you from fire.
   It makes you vulnerable to cold.
   It insulates you from electricity.
   It protects you from poison.
Wands
 l - a wand of disintegration (35)
 t - a wand of scattershot (19)
 B - a wand of acid (68)
 E - a wand of flame (75)
 Q - a wand of iceblast (36)
 W - a wand of digging (60)
Scrolls
 a - 10 scrolls of blinking
 c - 2 scrolls of silence
 i - 10 scrolls of enchant weapon
 j - 35 scrolls of remove curse
 k - 11 scrolls of immolation
 n - 7 scrolls of enchant armour
 s - 20 scrolls of teleportation
 w - 7 scrolls of fear
 C - 9 scrolls of fog
 F - 33 scrolls of identify
 G - 13 scrolls of magic mapping
 K - a scroll of brand weapon
 L - 6 scrolls of holy word
 M - 5 scrolls of summoning
Potions
 b - 29 potions of curing
 d - 7 potions of might
 m - 10 potions of haste
 r - 9 potions of heal wounds
 u - 8 potions of resistance
 v - 11 potions of agility
 x - 6 potions of mutation
 H - 6 potions of magic
 V - 4 potions of ambrosia
 Z - 3 potions of cancellation
Comestibles
 f - 109 rations


   Skills:
 + Level 24.9 Fighting
 O Level 27 Long Blades
 + Level 24.9 Armour
 + Level 23.1 Dodging
 + Level 24.8 Shields
 + Level 21.4 Invocations


You had 26 spell levels left.
You didn't know any spells.
Your spell library contained the following spells:

 Spells                   Type           Power        Failure   Level  Hunger
 Cause Fear               Hex            #.........   100%        4    #####..
 Magic Dart               Conj           #...         86%         1    ##.....
 Fireball                 Conj/Fire      #.........   100%        5    ######.
 Apportation              Tloc           #.....       86%         1    ##.....
 Conjure Flame            Conj/Fire      #.......     99%         3    ####...
 Bolt of Fire             Conj/Fire      #.........   100%        6    #######
 Bolt of Cold             Conj/Ice       #.........   100%        6    #######
 Lightning Bolt           Conj/Air       #.........   100%        5    ######.
 Bolt of Magma            Conj/Fire/Erth #.........   100%        5    ######.
 Slow                     Hex            #.......     95%         2    ###....
 Confuse                  Hex            #.......     99%         3    ####...
 Throw Flame              Conj/Fire      #.....       95%         2    ###....
 Freezing Cloud           Conj/Ice/Air   #.........   100%        6    #######
 Mephitic Cloud           Conj/Pois/Air  #.......     99%         3    ####...
 Ring of Flames           Chrm/Fire      #.........   100%        7    #######
 Venom Bolt               Conj/Pois      #.........   100%        5    ######.
 Olgreb's Toxic Radiance  Pois           #.......     100%        4    #####..
 Teleport Other           Tloc           #.......     99%         3    ####...
 Summon Small Mammal      Summ           #...         86%         1    ##.....
 Bolt of Draining         Conj/Necr      #.........   100%        5    ######.
 Lehudib's Crystal Spear  Conj/Erth      #.........   100%        8    #######
 Fire Storm               Conj/Fire      #.........   100%        9    #######
 Blink                    Tloc           N/A          95%         2    ###....
 Iskenderun's Mystic Bla  Conj           #.......     100%        4    #####..
 Animate Dead             Necr           N/A          100%        4    #####..
 Pain                     Necr           #...         86%         1    ##.....
 Animate Skeleton         Necr           N/A          86%         1    ##.....
 Vampiric Draining        Necr           #.........   99%         3    ####...
 Ozocubu's Refrigeration  Ice            #.........   100%        6    #######
 Sticky Flame             Conj/Fire      #.......     100%        4    #####..
 Summon Ice Beast         Ice/Summ       #.......     100%        4    #####..
 Call Imp                 Summ           #.......     95%         2    ###....
 Dispel Undead            Necr           #.......     100%        5    ######.
 Poison Arrow             Conj/Pois      #.........   100%        6    #######
 Regeneration             Chrm/Necr      #.........   99%         3    ####...
 Sting                    Conj/Pois      #...         86%         1    ##.....
 Sublimation of Blood     Necr           #.........   95%         2    ###....
 Tukima's Dance           Hex            #.......     99%         3    ####...
 Summon Demon             Summ           #.........   100%        5    ######.
 Corpse Rot               Necr           N/A          95%         2    ###....
 Iron Shot                Conj/Erth      #.........   100%        6    #######
 Stone Arrow              Conj/Erth      #.....       99%         3    ####...
 Recall                   Summ/Tloc      N/A          99%         3    ####...
 Agony                    Necr           #.......     100%        5    ######.
 Spider Form              Tmut/Pois      #.........   99%         3    ####...
 Blade Hands              Tmut           #.........   100%        5    ######.
 Statue Form              Tmut/Erth      #........    100%        6    #######
 Ice Form                 Ice/Tmut       #.......     100%        4    #####..
 Dragon Form              Tmut           #.........   100%        7    #######
 Death Channel            Necr           #.........   100%        6    #######
 Glaciate                 Conj/Ice       #.........   100%        9    #######
 Shadow Creatures         Summ           N/A          100%        6    #######
 Confusing Touch          Hex            #.....       86%         1    ##.....
 Flame Tongue             Conj/Fire      #....        86%         1    ##.....
 Passwall                 Tmut/Erth      #.......     95%         2    ###....
 Ignite Poison            Fire/Tmut/Pois #.......     99%         3    ####...
 Sticks to Snakes         Tmut           #.......     95%         2    ###....
 Call Canine Familiar     Summ           #.......     99%         3    ####...
 Ensorcelled Hibernation  Hex/Ice        #.....       95%         2    ###....
 Metabolic Englaciation   Hex/Ice        #.........   100%        5    ######.
 Summon Butterflies       Summ           #.......     86%         1    ##.....
 Silence                  Hex/Air        #.........   100%        5    ######.
 Shatter                  Erth           #.........   100%        9    #######
 Dispersal                Tloc           #.........   100%        6    #######
 Static Discharge         Conj/Air       #.......     99%         3    ####...
 Corona                   Hex            #......      86%         1    ##.....
 Lee's Rapid Deconstruct  Erth           #.........   100%        5    ######.
 Sandblast                Erth           #.....       86%         1    ##.....
 Simulacrum               Ice/Necr       #.........   100%        6    #######
 Chain Lightning          Conj/Air       #.........   100%        8    #######
 Excruciating Wounds      Chrm/Necr      #.........   100%        5    ######.
 Portal Projectile        Hex/Tloc       #.....       99%         3    ####...
 Petrify                  Tmut/Erth      #.......     100%        4    #####..
 Passage of Golubria      Tloc           N/A          100%        4    #####..
 Orb of Destruction       Conj           #.........   100%        7    #######
 Malign Gateway           Summ/Tloc      #.........   100%        7    #######
 Tornado                  Air            #.........   100%        9    #######
 Leda's Liquefaction      Hex/Erth       #.........   100%        4    #####..
 Summon Hydra             Summ           #.........   100%        7    #######
 Darkness                 Hex            #.........   100%        6    #######
 Shroud of Golubria       Chrm/Tloc      #.........   95%         2    ###....
 Inner Flame              Hex/Fire       #.......     99%         3    ####...
 Aura of Abjuration       Summ           #.........   100%        5    ######.
 Beastly Appendage        Tmut           #.....       86%         1    ##.....
 Iskenderun's Battlesphe  Conj/Chrm      #.......     100%        5    ######.
 Fulminant Prism          Conj/Hex       #.........   100%        4    #####..
 Dazzling Spray           Conj/Hex       #.....       99%         3    ####...
 Force Lance              Conj/Tloc      #.......     100%        4    #####..
 Infusion                 Chrm           #...         86%         1    ##.....
 Song of Slaying          Chrm           #.......     95%         2    ###....
 Spectral Weapon          Hex/Chrm       #.......     99%         3    ####...
 Searing Ray              Conj           #.....       95%         2    ###....
 Summon Forest            Summ/Tloc      #.........   100%        5    ######.
 Dragon's Call            Summ           #.........   100%        9    #######
 Spellforged Servitor     Conj/Summ      #.........   100%        7    #######
 Summon Mana Viper        Hex/Summ       #.......     100%        5    ######.
 Hydra Form               Tmut           #.........   100%        6    #######
 Irradiate                Conj/Tmut      #.........   100%        5    ######.
 Gell's Gravitas          Tloc           #.........   99%         3    ####...
 Yara's Violent Unravell  Hex/Tmut       #.........   100%        5    ######.
 Lesser Beckoning         Tloc           #.........   99%         3    ####...
 Poisonous Vapours        Pois/Air       #.....       95%         2    ###....
 Ignition                 Fire           #.........   100%        8    #######
 Borgnjor's Vile Clutch   Necr/Erth      #.........   100%        5    ######.


Dungeon Overview and Level Annotations

Branches:
Dungeon (15/15)            Temple (1/1) D:6            Lair (6/6) D:10
 Shoals (4/4) Lair:2       Spider (4/4) Lair:2        Slime (0/5) Lair:5
    Orc (2/2) D:9             Elf (3/3) Orc:2        Vaults (5/5) D:13
  Crypt (3/3) Vaults:2       Tomb (0/3) Crypt:3      Depths (5/5) D:15
   Hell (1/1)                 Dis (0/7) Hell            Geh (0/7) Hell
    Coc (0/7) Hell            Tar (0/7) Hell            Zot (0/5) Depths:5

Altars:
Ashenzari
Cheibriados
Dithmenos
Elyvilon
Fedhas
Gozag
Hepliaklqana
Kikubaaqudgha
Makhleb
Nemelex Xobeh
Okawaru
Qazlal
Ru
Sif Muna
Trog
Uskayaw
Vehumet
Wu Jian
Xom
Yredelemnul
Zin
The Shining One
Jiyva

Shops:
D:6 %   D:7 *:[=%   D:13 [   D:14 *[   D:15 =*%   Orc:1 ?   Orc:2 }%[%
Elf:1 [   Elf:3 :[   Shoals:4 (   Vaults:4 !   Vaults:5 (

Portals:
Hell: Depths:1 Depths:2 Depths:3 Depths:4 Depths:5
Abyss: Depths:4
Pandemonium: Depths:3 Depths:4
Ziggurat: Depths:5
Trove: D:14 (give 12 potions of heal wounds)

Annotations:
D:7 exclusion: ice statue
Lair:5 1 runed door


Innate Abilities, Weirdness & Mutations

You reflexively headbutt those who attack you in melee.
You have a pair of horns on your head.
You have sharp toenails.
You are partially covered in yellow scales. (AC +2)
You tend to lose your temper in combat.
You are dopey. (Int -2)
Your magical capacity is very low. (-20% MP)
Your system is resistant to poisons. (rPois)
You are robust. (+10% HP)


Message History

Zin smites you!
* * * LOW HITPOINT WARNING * * *
As you read the scroll of teleportation, it crumbles to dust.
You feel strangely unstable.
The daeva calls down the wrath of Zin upon you.
Zin smites you!
* * * LOW HITPOINT WARNING * * *
You feel much better. The daeva blocks your attack.
Your headbutt misses the daeva.
The daeva is lightly wounded.
The daeva calls down the wrath of Zin upon you.
Zin smites you!
* * * LOW HITPOINT WARNING * * *
The daeva blocks your attack.
The daeva calls down the wrath of Zin upon you.
Zin smites you!
* * * LOW HITPOINT WARNING * * *
The daeva calls down the wrath of Zin upon you.
Zin smites you!
You die...

###########.[#...............##..
###########).#...................
.........(####....##############.
........(.......#.# ##
......(........##.# . #
....)....#......(.# ...
....##......##############....
...####...#.#.#.#.#)#.#.......
..####......'...@AA..)'.#
..###.....#.#.#.#)#.#.#((.....
............##############....
###......#........# ...
####.........##.# . #
#####......#.# ##
#####....##############.
####................
###..............


You could see 2 daevas.

Vanquished Creatures
  A seraph (Pan)
  8 pandemonium lords (Pan)
  Mennas (Pan)
  A juggernaut (Depths:4)
  2 ancient liches
  Sojobo (Depths:3)
  Boris (Depths:4)
  Saint Roka (Orc:1)
  Bai Suzhen (Vaults:4)
  Geryon (Hell)
  2 golden dragons
  The ghost of Eptagon the Sorcerer, a veteran DEFE of Vehumet (Vaults:4)
  the Enchantress (Depths:2)
  Jory (Depths:5)
  A bone dragon (Depths:3)
  Arachne (Spider:2)
  The ghost of 4thArraOfDagon the Brawler, an adept TrMo of Wu Jian (Pan)
  2 pearl dragons (Pan)
  8 Brimstone Fiends (Pan)
  6 liches
  2 Tzitzimimeh (Pan)
  Jorgrun (Spider:2)
  4 tentacled monstrosities
  2 Hell Sentinels (Pan)
  12 Ice Fiends (Pan)
  Asterion (Depths:1)
  11 titans
  3 deep elf blademasters
  2 acid blobs (Depths:5)
  A kraken (Shoals:4)
  12 Executioners
  Polyphemus (Shoals:2)
  Gastronok (D:11)
  6 sphinxes
  Agnes (Spider:1)
  9 tengu reavers
  Donald (Elf:3)
  3 tentacled starspawn
  3 ancient champions
  4 storm dragons
  A draconian monk (Depths:5)
  8 shadow dragons
  5 revenants
  10 daevas (Pan)
  8 frost giants
  Ilsuiw (Shoals:4)
  4 azure jellies (Depths:5)
  5 iron dragons
  3 corrupters (Pan)
  12 fire giants
  5 warmongers (Pan)
  4 emperor scorpions (Spider:4)
  11 cacodemons
  8 vault wardens
  5 deep elf sorcerers (Elf:3)
  4 ghost moths
  2 draconian annihilators
  11 balrugs
  Aizul (Shoals:1)
  5 deep elf elementalists
  Louise (Elf:2)
  A juggernaut zombie (Hell)
  8 ghouls
  13 ironheart preservers
  19 angels (Pan)
  2 curse skulls (Crypt:3)
  7 very ugly things
  19 reapers
  2 war gargoyles
  3 entropy weavers
  2 juggernaut skeletons
  14 ophanim (Pan)
  25 stone giants
  3 spriggan defenders (Depths:2)
  8 deep elf demonologists
  4 blood saints (Pan)
  22 apis (Pan)
  4 vampire knights
  A spectral titan (Crypt:3)
  2 white draconians (Depths:5)
  A black draconian (Depths:5)
  A dire elephant (Lair:6)
  11 deep elf annihilators
  7 spark wasps
  8 black suns (Pan)
  5 eidola
  19 lorocyprocas
  12 deep elf death magi
  8 green deaths
  11 blizzard demons
  30 ettins
  3 death oozes (Depths:5)
  Snorg (Orc:2)
  4 merfolk javelineers
  15 jiangshi
  A kraken zombie (Hell)
  8 yaktaur captains
  10 merfolk impalers
  3 deep elf high priests
  10 fire dragons
  A hell beast (Pan)
  Fannar (D:11)
  4 rakshasas
  8 monstrous demonspawn (Pan)
  10 great orbs of eyes
  31 vault guards
  13 ice dragons
  9 hydras
  4 catoblepae
  16 centaur warriors
  6 spriggan air magi
  A merfolk avatar (Lair:6)
  35 two-headed ogres
  33 dancing weapons
  11 merfolk aquamancers
  12 death knights
  2 tengu warriors
  2 satyrs
  An alligator (Abyss:3)
  11 death yaks
  7 deep troll shamans
  7 thrashing horrors
  A titan zombie (Depths:4)
  11 ogre magi
  7 vampire magi
  17 deep elf knights
  9 deep troll earth magi
  3 iron golems (Hell)
  4 spriggan berserkers
  38 soul eaters
  7 hell knights
  2 iron trolls
  Nergalle (D:12)
  3 spriggans
  2 titan skeletons
  13 shadow wraiths (Crypt:3)
  3 wretched stars
  33 sun demons
  20 sixfirhies
  A salamander mystic (Depths:1)
  The ghost of elite277 the Skirmisher, a novice HuGl of Wu Jian (D:5)
  A spark wasp zombie (Hell)
  47 skeletal warriors
  A death drake (shapeshifter) (Vaults:1)
  An anaconda zombie (Hell)
  2 storm dragon skeletons (Depths:3)
  15 cherubim (Pan)
  8 torturous demonspawn (Pan)
  37 deep trolls
  4 flayed ghosts
  A spatial maelstrom (Abyss:3)
  3 shadow demons
  25 starcursed masses (Abyss:3)
  18 deep elf archers
  4 glowing orange brains
  4 unseen horrors
  A shadow dragon zombie (Hell)
  12 sea snakes
  6 gelid demonspawn (Pan)
  6 infernal demonspawn (Pan)
  6 wizards
  An obsidian statue (Vaults:2)
  A lindwurm (Lair:3)
  A sphinx zombie (Vaults:4)
  14 ironbrand convokers
  10 orc knights
  56 deep elf magi
  14 orb spiders
  A golden dragon skeleton (Depths:3)
  Pikel (D:6)
  33 phantasmal warriors
  4 stone giant zombies
  19 harpies
  6 necromancers
  2 shadow dragon skeletons (Depths:3)
  6 orc sorcerers
  A frost giant zombie (Depths:1)
  A faun (shapeshifter) (Depths:5)
  A spectral ice dragon (Crypt:3)
  2 mana vipers (shapeshifter) (Vaults:3)
  12 cyclopes
  51 ugly things
  2 fire giant zombies (Hell)
  3 moths of wrath
  3 salamanders (Depths:1)
  28 wolf spiders
  25 slime creatures
  6 elephants
  8 fauns
  17 manticores
  A guardian serpent (shapeshifter) (Vaults:2)
  A sphinx skeleton (Depths:3)
  41 large abominations
  6 black mambas
  4 worldbinders
  An iron dragon skeleton (Depths:3)
  3 fire giant skeletons
  7 water nymphs
  A stone giant skeleton (Depths:2)
  A frost giant skeleton (Crypt:1)
  13 merfolk sirens
  2 torpor snails
  6 rust devils
  2 molten gargoyles (Hell)
  A torpor snail (shapeshifter) (Vaults:3)
  3 spriggan skeletons (Depths:3)
  11 vault sentinels
  3 ice statues
  41 smoke demons
  3 gargoyles
  4 apocalypse crabs
  A yaktaur zombie (Hell)
  11 spiny frogs
  An emperor scorpion zombie (Abyss:1)
  A spriggan zombie (Hell)
  9 hellions
  18 orange demons
  A yaktaur (shapeshifter) (Vaults:4)
  A catoblepas zombie (Crypt:1)
  A swamp worm zombie (Crypt:1)
  3 ancient zymes
  17 demonic crawlers
  6 rime drakes
  2 komodo dragons
  10 ice devils
  44 yaktaurs
  8 tormentors (Pan)
  12 freezing wraiths
  9 hellwings
  A grey draconian skeleton (Crypt:3)
  9 meliai
  18 red devils
  24 merfolk
  A queen bee (shapeshifter) (Vaults:3)
  6 trolls
  4 harpy zombies (Shoals:1)
  2 polar bears (shapeshifter)
  A green draconian skeleton (Crypt:2)
  A hydra skeleton (Hell)
  12 hippogriffs
  16 polar bears
  8 blink frogs
  30 jumping spiders
  A hornet (shapeshifter) (Vaults:1)
  2 hydra zombies
  A snapping turtle (shapeshifter) (Depths:1)
  7 wind drakes
  A slime creature (shapeshifter) (Vaults:5)
  Prince Ribbit (D:6)
  A blink frog (shapeshifter) (Vaults:1)
  5 bog bodies
  8 raiju
  8 hornets
  8 dream sheep (Shoals:2)
  An alligator zombie (Abyss:3)
  29 flying skulls
  5 snapping turtles
  A hippogriff (shapeshifter) (Vaults:2)
  2 ice dragon zombies
  A spriggan (shapeshifter) (Vaults:2)
  An ettin skeleton (Depths:1)
  2 alligator skeletons
  A tarantella (shapeshifter) (Depths:3)
  21 water elementals
  2 air elementals (Elf:1)
  40 tarantellas
  Sigmund (D:5)
  Eustachio (D:5)
  18 wraiths
  12 shadows
  25 ynoxinuls
  91 redbacks
  68 yaks
  A basilisk (shapeshifter) (Vaults:4)
  A steam dragon (D:11)
  A human (shapeshifter) (Vaults:4)
  A tyrant leech zombie (Crypt:3)
  22 chaos spawn
  11 fire elementals
  A fire bat (Abyss:2)
  6 neqoxecs
  2 basilisks
  7 hungry ghosts
  8 vampire mosquitoes
  4 spatial vortices (Abyss:3)
  3 spiny frog zombies (Hell)
  5 wargs
  4 acid dragons
  2 infernal demonspawn skeletons
  2 hydra simulacra (Hell)
  15 hell hounds
  A spectral snapping turtle (Crypt:3)
  9 porcupines
  15 water moccasins
  A swamp drake (D:10)
  2 floating eyes
  2 black bears (shapeshifter)
  2 sky beasts
  4 tengu skeletons
  48 orc warriors
  2 eyes of draining
  2 black bears
  2 slaves (D:6)
  4 phantoms
  27 ogres
  3 ice beasts
  A tengu (shapeshifter) (Depths:4)
  5 necrophages
  24 boggarts
  12 wolves
  The ghost of George the Slasher, an amateur DsGl (D:3)
  48 centaurs
  A torpor snail zombie (Crypt:2)
  A manticore skeleton (Abyss:2)
  10 crocodiles
  6 big kobolds
  A blink frog skeleton (Crypt:1)
  5 elf zombies
  2 hippogriff zombies (Shoals:1)
  A cyclops zombie (Depths:4)
  22 bullfrogs
  A draconian skeleton (Crypt:2)
  6 earth elementals
  14 small abominations
  A cyclops skeleton (Crypt:2)
  A glowing shapeshifter simulacrum (Vaults:4)
  4 elf skeletons
  4 scorpions
  8 killer bees
  A swamp dragon simulacrum (Abyss:1)
  4 electric eels
  5 howler monkeys
  4 wights (D:10)
  6 crimson imps
  9 quasits
  3 bullfrog zombies
  A human simulacrum (Vaults:4)
  A wolf skeleton (Crypt:2)
  6 centaur zombies
  11 orc priests
  10 jellies
  Crazy Yiuf (D:5)
  7 hounds
  3 centaur skeletons
  29 orc wizards
  2 iron imps (Hell)
  Ijyb (D:4)
  4 iguanas
  Natasha (thrice) (D:4)
  12 hell rats (Hell)
  10 worker ants
  6 lightning spires (Abyss:3)
  A killer bee zombie (D:7)
  5 big kobold zombies
  A felid skeleton (Crypt:3)
  A hound zombie (D:6)
  A hound skeleton (D:7)
  2 mummies (Ossuary)
  A worker ant zombie (D:11)
  2 howler monkey zombies
  6 gnolls
  A scorpion zombie (Crypt:2)
  10 adders
  A river rat (D:10)
  A swamp drake zombie (Crypt:2)
  2 shadow imps
  4 white imps
  5 ufetubi
  An ooze (Depths:5)
  An adder zombie (D:8)
  2 adder skeletons
  A lava snake skeleton (Crypt:3)
  A worm (D:2)
  A dart slug (D:3)
  7 leopard geckos
  108 orcs
  8 giant cockroaches
  A gnoll zombie (Ossuary)
  10 goblins
  10 hobgoblins
  11 jackals
  24 kobolds
  4 quokkas
  9 bats
  9 frilled lizards
  A giant cockroach zombie (D:6)
  2 goblin zombies (Ossuary)
  2 hobgoblin zombies (Ossuary)
  A jackal skeleton (D:6)
  A jackal zombie (D:6)
  A kobold zombie (Crypt:1)
  A leopard gecko skeleton (Crypt:3)
  3 orc zombies (Ossuary)
  A quokka skeleton (D:8)
  3 quokka zombies
  10 rats
  A rat skeleton (Crypt:1)
  A river rat skeleton (Crypt:1)
  2 plants
  3 starspawn tentacles (Abyss:2)
  7 tentacles
3133 creatures vanquished.

Vanquished Creatures (collateral kills)
  Mara (Vaults:3)
  2 azure jellies (Depths:5)
  A red draconian (Depths:5)
  A merfolk javelineer (Shoals:4)
  A fire dragon (Depths:5)
  A yaktaur captain (Depths:5)
  A great orb of eyes (Depths:5)
  2 death oozes (Depths:5)
  A merfolk impaler (Shoals:4)
  A merfolk avatar (Shoals:4)
  A deep troll earth mage (Depths:5)
  A merfolk siren (Shoals:4)
  A merfolk (Shoals:4)
  A slime creature (Depths:5)
  2 orc warriors (Orc:2)
  2 centaurs (Orc:2)
  A jelly (Depths:5)
  An orc priest (Orc:2)
  An ooze (Depths:5)
23 creatures vanquished.

Vanquished Creatures (others)
  2 deep elf master archers (Elf:3)
  An emperor scorpion (Spider:4)
  3 yaktaur captains
  A dancing weapon (Elf:1)
  A gelid demonspawn (Pan)
  An ironbrand convoker (Vaults:5)
  An orb spider (Spider:4)
  A smoke demon (Pan)
  8 yaktaurs
  A hornet (Spider:2)
  A tarantella (Spider:2)
  A centaur (Depths:1)
  2 orc priests (Vaults:5)
  An adder (D:11)
  An orc (Vaults:4)
  6 plants
  4 starspawn tentacles
  12 tentacles
  12 toadstools (Lair:3)
60 creatures vanquished.

Grand Total: 3216 creatures vanquished

Notes
Turn   | Place    | Note
-------+----------+-------------------------------------------
     0 | D:1      | George the Minotaur Fighter began the quest for the Orb.
     0 | D:1      | Reached XP level 1. HP: 19/19 MP: 0/0
    68 | D:1      | Reached skill level 3 in Long Blades
   105 | D:1      | Reached XP level 2. HP: 25/26 MP: 1/1
   358 | D:1      | Reached skill level 4 in Long Blades
   457 | D:1      | Reached XP level 3. HP: 31/31 MP: 2/2
   956 | D:2      | Reached skill level 5 in Long Blades
  1225 | D:2      | Reached XP level 4. HP: 35/39 MP: 3/3
  1849 | D:3      | Reached skill level 6 in Long Blades
  1880 | D:3      | Noticed George's ghost (amateur DsGl)
  1884 | D:3      | Killed George's ghost
  1884 | D:3      | Reached skill level 7 in Long Blades
  1884 | D:3      | Reached XP level 5. HP: 42/45 MP: 4/4
  2776 | D:4      | Found an ornate altar of the Wu Jian Council.
  2880 | D:4      | Noticed Natasha
  2886 | D:4      | Killed Natasha
  2886 | D:4      | Reached XP level 6. HP: 51/51 MP: 5/5
  2950 | D:4      | Reached skill level 8 in Long Blades
  3107 | D:4      | Noticed Natasha
  3114 | D:4      | Killed Natasha
  3115 | D:4      | Found a sand-covered staircase.
  3120 | D:4      | Noticed Ijyb
  3126 | D:4      | Killed Ijyb
  3134 | Ossuary  | Entered an ossuary
  3143 | Ossuary  | Reached skill level 9 in Long Blades
  3154 | Ossuary  | Reached XP level 7. HP: 46/57 MP: 6/6
  3419 | D:4      | Reached skill level 10 in Long Blades
  3433 | D:4      | Found a white marble altar of Elyvilon.
  3436 | D:4      | Found an iron altar of Okawaru.
  3436 | D:4      | Found a burning altar of Makhleb.
  3436 | D:4      | Found a glowing golden altar of the Shining One.
  3446 | D:4      | Became a worshipper of the Shining One
  3558 | D:4      | Found a snail-covered altar of Cheibriados.
  3559 | D:4      | Found a shimmering altar of Xom.
  3668 | D:4      | Noticed Natasha
  3672 | D:4      | Killed Natasha
  3697 | D:5      | Entered Level 5 of the Dungeon
  3863 | D:5      | Noticed elite277's ghost (novice HuGl)
  3905 | D:5      | Killed elite277's ghost
  3905 | D:5      | Reached XP level 8. HP: 36/67 MP: 6/8
  3936 | D:5      | Found a runed door.
  3975 | D:5      | Noticed Sigmund
  3982 | D:5      | Killed Sigmund
  3982 | D:5      | Reached skill level 5 in Armour
  3982 | D:5      | Reached skill level 5 in Shields
  4014 | D:5      | Reached skill level 5 in Fighting
  4027 | D:5      | Noticed Eustachio
  4035 | D:5      | Killed Eustachio
  4051 | D:5      | Reached * piety under the Shining One
  4061 | D:5      | Reached XP level 9. HP: 74/74 MP: 10/10
  4189 | D:5      | Noticed Crazy Yiuf
  4191 | D:5      | Killed Crazy Yiuf
  4266 | D:6      | Found a staircase to the Ecumenical Temple.
  4297 | Temple   | Entered the Ecumenical Temple
  4406 | D:6      | Reached skill level 11 in Long Blades
  4518 | D:6      | Found Rizxuj's Food Boutique.
  4633 | D:6      | Reached ** piety under the Shining One
  4641 | D:6      | Noticed Pikel
  4661 | D:6      | Killed Pikel
  4750 | D:6      | Noticed Prince Ribbit
  4760 | D:6      | Killed Prince Ribbit
  4973 | D:7      | Found Ymnov's Jewellery Shop.
  5018 | D:7      | Found Medoteck's Antique Armour Boutique.
  5130 | D:7      | Found Mutza's Food Boutique.
  5162 | D:7      | Reached skill level 5 in Dodging
  5164 | D:7      | Found a shadowy altar of Dithmenos.
  5169 | D:7      | Found Kainooph's General Store.
  5184 | D:7      | Bought a potion of curing for 33 gold pieces
  5184 | D:7      | Bought a scroll of identify for 22 gold pieces
  5226 | D:7      | Reached XP level 10. HP: 84/84 MP: 12/12
  5233 | D:7      | Bought a glowing scarf for 240 gold pieces
  5245 | D:7      | Bought a pair of runed boots for 225 gold pieces
  5322 | D:7      | Found Lucaciq's Book Shoppe.
  5486 | D:7      | Noticed an ice statue
  5708 | D:8      | Found a deep blue altar of Sif Muna.
  5890 | D:8      | Noticed a two-headed ogre
  5896 | D:8      | Killed a two-headed ogre
  5896 | D:8      | Reached skill level 5 in Invocations
  6809 | D:9      | Noticed a two-headed ogre
  6816 | D:9      | Killed a two-headed ogre
  6848 | D:9      | Reached skill level 12 in Long Blades
  6910 | D:9      | Found a staircase to the Orcish Mines.
  6911 | D:9      | Noticed a two-headed ogre
  6938 | D:9      | Killed a two-headed ogre
  7068 | D:8      | Reached XP level 11. HP: 75/94 MP: 14/14
  7455 | D:9      | Noticed a two-headed ogre
  7468 | D:9      | Killed a two-headed ogre
  7876 | D:10     | Entered Level 10 of the Dungeon
  7879 | D:10     | Reached *** piety under the Shining One
  7921 | D:10     | Found a staircase to the Lair.
  8032 | D:10     | Noticed a two-headed ogre
  8038 | D:10     | Killed a two-headed ogre
  8765 | D:11     | Noticed Gastronok
  8785 | D:11     | Killed Gastronok
  8905 | D:11     | Reached XP level 12. HP: 74/105 MP: 16/16
  8954 | D:11     | Reached skill level 13 in Long Blades
  9010 | D:11     | Found a snail-covered altar of Cheibriados.
  9104 | D:11     | Reached **** piety under the Shining One
  9129 | D:11     | Noticed Fannar
  9140 | D:11     | Killed Fannar
  9201 | D:11     | Found a frozen archway.
  9230 | IceCv    | Entered an ice cave
  9238 | IceCv    | Reached skill level 10 in Armour
  9255 | IceCv    | Reached skill level 10 in Fighting
  9258 | IceCv    | Reached skill level 10 in Shields
  9678 | IceCv    | Noticed a frost giant
  9697 | IceCv    | Killed a frost giant
 10447 | D:12     | Reached ***** piety under the Shining One
 10663 | D:12     | Found a basalt altar of Yredelemnul.
 10666 | D:12     | Reached XP level 13. HP: 106/114 MP: 18/18
 10758 | D:12     | Noticed Nergalle
 10772 | D:12     | Killed Nergalle
 11224 | Lair:1   | Entered Level 1 of the Lair of Beasts
 11268 | Lair:1   | Reached skill level 14 in Long Blades
 11973 | Lair:2   | Reached skill level 10 in Dodging
 12349 | Lair:2   | Found a staircase to the Shoals.
 12549 | Lair:2   | Found a hole to the Spider Nest.
 13333 | Lair:3   | Found a runed door.
 13976 | Lair:4   | Reached XP level 14. HP: 122/125 MP: 20/20
 14808 | Lair:5   | Found a runed door.
 14810 | Lair:5   | Found a viscous altar of Jiyva.
 14811 | Lair:5   | Noticed an acid blob
 14811 | Lair:5   | Noticed an acid blob
 14813 | Lair:5   | Found a staircase to the Slime Pits.
 15528 | Lair:6   | Entered Level 6 of the Lair of Beasts
 15674 | Lair:6   | Reached skill level 10 in Invocations
 16044 | Lair:6   | Reached skill level 15 in Long Blades
 16395 | Lair:6   | HP: 1/127 [drowned by a drowned soul[a merfolk avatar] (14)]
 16958 | Orc:1    | Entered Level 1 of the Orcish Mines
 17201 | Orc:2    | Entered Level 2 of the Orcish Mines
 17212 | Orc:2    | Noticed Snorg
 17230 | Orc:2    | Killed Snorg
 17320 | Orc:1    | Found Satsify's Magic Scroll Emporium.
 17457 | Orc:2    | Found a staircase to the Elven Halls.
 17608 | Orc:2    | Noticed Saint Roka
 17611 | Orc:2    | Paralysed by an orc sorcerer for 5 turns
 17900 | Orc:2    | HP: 4/127 [Saint Roka/divine providence (15)]
 18303 | Orc:1    | Killed Saint Roka
 18303 | Orc:1    | Reached XP level 15. HP: 86/135 MP: 10/21
 18644 | Orc:2    | Found Qeiniy's Armour Shop.
 18644 | Orc:2    | Found Jiuzous's Food Emporium.
 18646 | Orc:2    | Found Majov's Gadget Shoppe.
 18648 | Orc:2    | Found Wisigogo's Food Boutique.
 18684 | Orc:2    | Bought the +11 plate armour "Dushuat" {rElec} for 1288 gold pieces
 18749 | Orc:1    | Bought a scroll of identify for 36 gold pieces
 18749 | Orc:1    | Bought a scroll of identify for 36 gold pieces
 18752 | Orc:1    | Bought 3 scrolls of identify for 108 gold pieces
 19542 | D:13     | Found Riroru's Antique Armour Emporium.
 19646 | D:13     | Found a gate to the Vaults.
 19870 | D:14     | Found Souczour's Armour Shoppe.
 20292 | D:14     | Found a portal to a secret trove of treasure.
 20312 | D:14     | Found Pitawae's Assorted Antiques.
 20325 | D:14     | Identified a scroll of acquirement
 20455 | D:14     | Got a transparent scale mail
 20670 | D:14     | Identified the +1 scale mail of the Ego {+Fly rF+ rC+ rN+} (You found it on level 14 of the Dungeon)
 20800 | D:15     | Entered Level 15 of the Dungeon
 20827 | D:15     | Found Pyt Lixt's General Store.
 20859 | D:15     | Reached skill level 16 in Long Blades
 21019 | D:15     | Found Zaickual's Jewellery Shoppe.
 21085 | D:15     | Reached XP level 16. HP: 118/145 MP: 23/23
 21194 | D:15     | Reached ****** piety under the Shining One
 21472 | D:15     | Found Besmu's Food Shop.
 21759 | D:15     | Found a staircase to the Depths.
 21942 | Spider:1 | Entered Level 1 of the Spider Nest
 22413 | Spider:1 | Noticed Agnes
 22439 | Spider:1 | Killed Agnes
 22801 | Spider:2 | Noticed Jorgrun
 22830 | Spider:2 | Killed Jorgrun
 24207 | Spider:2 | Noticed Arachne
 24247 | Spider:2 | Killed Arachne
 24665 | Spider:3 | Reached XP level 17. HP: 126/154 MP: 25/25
 24794 | Spider:3 | Got a faintly glowing scale mail
 24848 | Spider:3 | Reached skill level 17 in Long Blades
 25234 | Spider:3 | Identified the cursed +1 scale mail "Atoj" {rElec rC+++ Str-3 Dex+4} (You found it on level 3 of the Spider Nest)
 25253 | Spider:4 | Entered Level 4 of the Spider Nest
 25297 | Spider:3 | Reached skill level 15 in Fighting
 25304 | Spider:3 | Reached skill level 15 in Armour
 25652 | Spider:4 | Reached skill level 15 in Shields
 26863 | Spider:4 | Got a gossamer rune of Zot
 27149 | Vaults:1 | Entered Level 1 of the Vaults
 27958 | Vaults:1 | Reached XP level 18. HP: 163/166 MP: 26/26
 29438 | Vaults:2 | Reached skill level 18 in Long Blades
 29755 | Vaults:2 | Found a staircase to the Crypt.
 30501 | Vaults:3 | Noticed a lich
 30518 | Vaults:3 | Killed a lich
 30518 | Vaults:3 | Reached skill level 15 in Dodging
 30591 | Vaults:3 | Gained mutation: You have sharp toenails. [a neqoxec]
 30598 | Vaults:3 | Noticed Mara
 30605 | Vaults:3 | Noticed George's illusion
 30620 | Vaults:3 | Killed Mara
 30620 | Vaults:3 | Reached XP level 19. HP: 68/174 MP: 16/28
 30761 | Vaults:3 | Identified an eudemon blade of holy wrath {god gift} (a vampiric demon blade blessed by the Shining One)
 30761 | Vaults:3 | Received a gift from the Shining One
 31971 | Vaults:4 | Found a radiant altar of Vehumet.
 32171 | Vaults:4 | Noticed Eptagon's ghost (veteran DEFE)
 32201 | Vaults:4 | Killed Eptagon's ghost
 32451 | Vaults:4 | Found Heruesm's Distillery.
 32457 | Vaults:4 | Bought 2 potions of heal wounds for 100 gold pieces
 33348 | Crypt:1  | Entered Level 1 of the Crypt
 33637 | Crypt:1  | Reached skill level 19 in Long Blades
 33785 | Crypt:1  | Reached XP level 20. HP: 184/184 MP: 30/30
 34789 | Crypt:3  | Entered Level 3 of the Crypt
 34872 | Crypt:3  | Found a basalt altar of Yredelemnul.
 34980 | Crypt:3  | Reached skill level 15 in Invocations
 35077 | Crypt:3  | Found an ancient bone altar of Kikubaaqudgha.
 35198 | Crypt:3  | Found the cursed +13 scythe of Curses {drain, *Curse}
 35228 | Crypt:3  | Got a brightly glowing tin ring
 35228 | Crypt:3  | Got a vibrating wooden ring
 35250 | Crypt:3  | Identified the ring "Odichoaf" {rF- rN+ Int+7 Dex+6} (You found it on level 3 of the Crypt)
 35252 | Crypt:3  | Identified the ring "Sukef" {+Blink rN+ Stlth+} (You found it on level 3 of the Crypt)
 35258 | Crypt:3  | Got a faintly glowing wooden ring
 35260 | Crypt:3  | Identified the ring "Qurudal" {rPois rN+ Str+3} (You found it on level 3 of the Crypt)
 35694 | Crypt:3  | Found a staircase to the Tomb.
 36385 | Shoals:1 | Entered Level 1 of the Shoals
 36451 | Shoals:1 | Reached XP level 21. HP: 194/194 MP: 31/31
 37056 | Shoals:2 | Noticed Aizul
 37073 | Shoals:1 | Killed Aizul
 37844 | Shoals:2 | Noticed Polyphemus
 37857 | Shoals:2 | Killed Polyphemus
 38105 | Shoals:3 | Reached skill level 20 in Long Blades
 38575 | Shoals:4 | Entered Level 4 of the Shoals
 38670 | Shoals:4 | Noticed Ilsuiw
 38699 | Shoals:4 | Killed Ilsuiw
 38737 | Shoals:4 | Found Yngie's Antique Weapon Shoppe.
 39334 | Shoals:4 | Got a barnacled rune of Zot
 39722 | Elf:1    | Entered Level 1 of the Elven Halls
 39774 | Elf:1    | Found Gauqidd's Armour Shoppe.
 39977 | Elf:1    | Identified the Handbook of Stolen Souls
 40543 | Elf:2    | Found a runed gate.
 40543 | Elf:2    | Found a runed gate.
 40543 | Elf:2    | Found a runed gate.
 40853 | Elf:2    | Reached XP level 22. HP: 205/205 MP: 33/33
 40991 | Elf:2    | Noticed Louise
 41008 | Elf:2    | Killed Louise
 41236 | Elf:3    | Entered Level 3 of the Elven Halls
 41604 | Elf:3    | Found Veuggaug's Antique Armour Boutique.
 41604 | Elf:3    | Found Vineqeil's Book Shop.
 41781 | Elf:3    | Noticed Donald
 41804 | Elf:3    | Killed Donald
 42455 | Elf:3    | Got an ichor-stained plate armour
 42683 | Elf:3    | Identified the Incunabulum of the Escort and Lightness
 42734 | Elf:3    | Identified the Tome of Toxins and Clay
 42746 | Elf:3    | Identified the +10 plate armour of Focus {Regen+ Slay+2} (You took it off a deep elf high priest on level 3 of the Elven Halls)
 43052 | Depths:1 | Entered Level 1 of the Depths
 43090 | Depths:1 | Noticed Asterion
 43110 | Depths:1 | Killed Asterion
 43334 | Depths:1 | HP: 9/206 [spriggan rider/spear (14)]
 43334 | Depths:1 | The Shining One protects you from harm!
 43491 | Depths:1 | Found a gateway to Hell.
 43670 | Depths:1 | Reached skill level 21 in Long Blades
 43903 | Depths:1 | Reached XP level 23. HP: 213/215 MP: 34/34
 44639 | Depths:2 | Noticed the Enchantress
 44665 | Depths:2 | Killed the Enchantress
 44736 | Depths:2 | Got faerie dragon scales
 44750 | Depths:2 | Identified the +8 faerie dragon scales {rCorr Int+6} (You took it off the Enchantress on level 2 of the Depths)
 45717 | Depths:2 | Paralysed by a floating eye for 2 turns
 45732 | Depths:2 | Paralysed by a floating eye for 2 turns
 46166 | Depths:3 | Found a one-way gate leading to the halls of Pandemonium.
 46739 | Depths:3 | Reached XP level 24. HP: 225/225 MP: 34/34
 46870 | Depths:3 | Noticed Sojobo
 46888 | Depths:3 | HP: 10/225 [Sojobo/bolt of lightning (14)]
 46913 | Depths:3 | Killed Sojobo
 47842 | Depths:4 | Reached skill level 22 in Long Blades
 47863 | Depths:4 | Noticed Boris
 47884 | Depths:4 | Killed Boris
 47957 | Depths:4 | Found an ornate altar of the Wu Jian Council.
 48015 | Depths:4 | Found a one-way gate to the infinite horrors of the Abyss.
 48328 | Depths:4 | Noticed a juggernaut
 48349 | Depths:4 | Killed a juggernaut
 48381 | Depths:4 | Got a steaming falchion
 48385 | Depths:4 | Identified the +6 falchion of Azisk {slice, +Inv rElec Dex-3} (You found it on level 4 of the Depths)
 48635 | Depths:5 | Entered Level 5 of the Depths
 48964 | Depths:5 | Found a gateway to a ziggurat.
 48964 | Depths:5 | Paralysed by a floating eye for 3 turns
 49134 | Depths:5 | Found a viscous altar of Jiyva.
 49227 | Depths:5 | Found a gate to the Realm of Zot.
 49241 | Depths:5 | Reached XP level 25. HP: 218/235 MP: 35/35
 49376 | Depths:5 | Noticed Jory
 49382 | Depths:5 | Killed Jory
 49608 | Depths:5 | Got a vibrating marble ring
 49610 | Depths:5 | Identified the ring "Hupayt" {rF+ Str+3 Dex+5 Stlth+} (You acquired it on level 5 of the Depths)
 49618 | Depths:5 | Got a brightly glowing jade ring
 49619 | Depths:5 | Identified the ring "Engush" {rC+ Dex+2 Slay-5 SInv} (You acquired it on level 5 of the Depths)
 49624 | Depths:5 | Got a vibrating turquoise ring
 49626 | Depths:5 | Identified the ring "Wetsa" {rPois Int+4 Slay+3} (You acquired it on level 5 of the Depths)
 50035 | Vaults:5 | Entered Level 5 of the Vaults
 50306 | Vaults:4 | Paralysed by an orc sorcerer for 5 turns
 50367 | Vaults:5 | Noticed an ancient lich
 50381 | Vaults:5 | Noticed Bai Suzhen
 50404 | Vaults:4 | Killed an ancient lich
 50437 | Vaults:4 | Killed Bai Suzhen
 50591 | Vaults:5 | Identified the Collected Works on Dusty Changing
 50596 | Vaults:5 | Found the +3 pair of gauntlets of War {Slay+5}
 50630 | Vaults:5 | Noticed an ancient lich
 50634 | Vaults:5 | Killed an ancient lich
 50751 | Vaults:5 | Got an ancient chain mail
 50825 | Vaults:5 | HP: 6/237 [titan/the air (52)]
 50831 | Vaults:5 | Reached skill level 23 in Long Blades
 50904 | Vaults:5 | Got a silver rune of Zot
 50929 | Vaults:5 | Identified the Papyrus of Clay and Sinister Secrets
 51547 | Vaults:5 | Found Vepixigho's Antique Weapon Shoppe.
 51583 | Vaults:5 | Reached XP level 26. HP: 246/246 MP: 35/35
 51970 | Vaults:5 | Identified the cursed +0 chain mail "Paghunua" {rPois} (You found it on level 5 of the Vaults)
 52384 | Hell     | Entered the Vestibule of Hell
 52384 | Hell     | Noticed Geryon
 52455 | Hell     | Killed Geryon
 52552 | Hell     | Found a gateway to the ashen valley of Gehenna.
 52666 | Hell     | Found a gateway to the decaying netherworld of Tartarus.
 52840 | Hell     | Found a gateway to the Iron City of Dis.
 52923 | Hell     | Found a gateway to the freezing wastes of Cocytus.
 53165 | Depths:4 | Voluntarily entered the Abyss.
 53365 | Abyss:1  | Reached skill level 24 in Long Blades
 53617 | Abyss:1  | Gained mutation: You are weak. (Str -2) [a neqoxec]
 53619 | Abyss:1  | Gained mutation: You are robust. (+10% HP) [a neqoxec]
 53625 | Abyss:1  | Gained mutation: Your magical capacity is low. (-10% MP) [a neqoxec]
 53741 | Abyss:2  | Gained mutation: Your body sometimes deteriorates upon taking damage. [a neqoxec]
 54033 | Abyss:3  | Got an abyssal rune of Zot
 54275 | Abyss:3  | Gained mutation: You are dopey. (Int -2) [a neqoxec]
 54456 | Abyss:3  | Paralysed by accursed screaming for 1 turns
 54483 | Depths:4 | Escaped the Abyss
 54574 | Pan      | Entered Pandemonium
 54808 | Pan      | Noticed Zorour the pandemonium lord
 54821 | Pan      | Killed Zorour the pandemonium lord
 55051 | Pan      | Noticed 4thArraOfDagon's ghost (adept TrMo)
 55060 | Pan      | Killed 4thArraOfDagon's ghost
 55114 | Pan      | Identified the Handbook of the Earthen Voyage
 55339 | Pan      | Reached XP level 27. HP: 281/281 MP: 32/32
 55722 | Pan      | Found a transporter.
 55887 | Pan      | Found a transporter.
 56167 | Pan      | Reached skill level 25 in Long Blades
 56463 | Pan      | Gained mutation: You are very dopey. (Int -4) [a cacodemon]
 56511 | Pan      | Got a scintillating glass ring
 56513 | Pan      | Lost intelligence.
 56513 | Pan      | Identified the ring "Gomuman" {Fire rElec Int-3 SInv} (You found it in Pandemonium)
 56526 | Pan      | Got a twitching lead ring
 56528 | Pan      | Identified the ring "Sauneen" {rF+ rC+ rN+} (You found it in Pandemonium)
 56543 | Pan      | Got a warped lapis lazuli ring
 56545 | Pan      | Lost intelligence.
 56545 | Pan      | Identified the ring of Twilight {+Fly MR+ Int-4 SInv Stlth+} (You found it in Pandemonium)
 56598 | Pan      | Lost mutation: You are very dopey. (Int -4) [potion of mutation]
 56598 | Pan      | Lost mutation: Your body sometimes deteriorates upon taking damage. [potion of mutation]
 56598 | Pan      | Lost mutation: You are weak. (Str -2) [potion of mutation]
 56598 | Pan      | Gained mutation: Your spells are a little harder to cast, but a little more powerful. [potion of mutation]
 56598 | Pan      | Lost mutation: Your spells are a little harder to cast, but a little more powerful. [potion of mutation]
 56598 | Pan      | Gained mutation: You are partially covered in yellow scales. (AC +2) [potion of mutation]
 56598 | Pan      | Gained mutation: Your system is resistant to poisons. (rPois) [potion of mutation]
 56680 | Pan      | Noticed Fuguh the pandemonium lord
 56693 | Pan      | Killed Fuguh the pandemonium lord
 57016 | Pan      | Found an exit through the horrors of the Abyss.
 57189 | Pan      | Gained mutation: Your magical capacity is very low. (-20% MP) [a cacodemon]
 57190 | Pan      | Gained mutation: You tend to lose your temper in combat. [a cacodemon]
 57491 | Pan      | Found a runed door.
 57508 | Pan      | Found a runed door.
 57588 | Pan      | Noticed Mennas
 57619 | Pan      | Killed Mennas
 57667 | Pan      | Found a runed door.
 57687 | Pan      | Found a runed door.
 58117 | Pan      | Noticed Mina Care the pandemonium lord
 58126 | Pan      | Killed Mina Care the pandemonium lord
 58137 | Pan      | Got a demonic rune of Zot
 58255 | Pan      | Noticed Oxkepn the pandemonium lord
 58270 | Pan      | Killed Oxkepn the pandemonium lord
 58663 | Pan      | Reached skill level 26 in Long Blades
 58702 | Pan      | Found an exit through the horrors of the Abyss.
 59435 | Pan      | Noticed Lyhetae the pandemonium lord
 59442 | Pan      | Killed Lyhetae the pandemonium lord
 59469 | Pan      | Got a serpentine golden ring
 59717 | Pan      | Found an exit through the horrors of the Abyss.
 59999 | Pan      | Identified the ring "Zawkoex" {rElec rPois rF+ rC- Int+7} (You found it in Pandemonium)
 60132 | Pan      | Noticed Aphauq the pandemonium lord
 60149 | Pan      | Killed Aphauq the pandemonium lord
 60353 | Pan      | Found a runed door.
 61118 | Pan      | Noticed Qusiat the pandemonium lord
 61136 | Pan      | Killed Qusiat the pandemonium lord
 62023 | Pan      | Noticed Qeacul the pandemonium lord
 62034 | Pan      | Killed Qeacul the pandemonium lord
 62756 | Pan      | Noticed a seraph
 62794 | Pan      | Killed a seraph
 62794 | Pan      | Reached skill level 27 in Long Blades
 62834 | Pan      | Found a glowing golden altar of the Shining One.
 63089 | Pan      | Found a white marble altar of Elyvilon.
 63310 | Pan      | Got a spiked shield
 63321 | Pan      | Identified the +0 shield "Obosenis" {Dex+3} (You found it in Pandemonium)
 63452 | Pan      | HP: 4/290 [daeva/divine providence (12)]
 64462 | Pan      | HP: 7/290 [daeva/divine providence (12)]
 64465 | Pan      | Killed from afar by a daeva

Vault maps used:
D:1:      tarquinn_simple_flora_water_c, minmay_misc_feat_rows
D:2:      kennysheep_six_static_rooms
D:3:      minmay_misc_feat_alley
D:4:      overflow_temple_1_default, grunt_temple_overflow_open,
          gammafunk_temple_overflow_wave, enter_ossuary_3, uniq_ijyb,
          uniq_natasha
D:5:      first_ration, uniq_eustachio, uniq_sigmund, uniq_crazy_yiuf_cottage
D:6:      minmay_temple_entry_mist, serial_shops, kennysheep_mini_moat,
          serial_undead, serial_undead_c, serial_undead_d, serial_undead_f,
          serial_undead_d, uniq_pikel, uniq_prince_ribbit1
D:7:      lemuel_ice_statue, grunt_dithmenos_smoke, serial_shops, shop,
          nicolae_shop_crystal, shop, shop_coins, nicolae_shop_waterfront
D:8:      basic_altar, blue_anna_alchemist
D:9:      david_orc_2
D:10:     lair_entry_dummy, pond
D:11:     portal_ice_cave_demonic_guard, grunt_ministairs_13,
          cheibriados_altar_1, uniq_gastronok, uniq_fannar
D:12:     basic_altar, kennysheep_island_fort, uniq_nergalle
D:13:     david_vaults_5, serial_shops, shop
D:14:     nicolae_trove_entry_diagonal, roderic_serpentine_path, serial_shops,
          shop, nicolae_shop_window_shopping, minivault_24
D:15:     grunt_enter_depths_snipers, eino_curves_01, serial_shops, shop,
          nicolae_shop_statue_plus, shop
Temple:   zaba_magenta_temple
Lair:1:   infiniplex_staircase_pool, grunt_megastairs_1, lemuel_fruit_tree
Lair:2:   minmay_shoals_entry_lonely_mermaid, spider_nest_entry_webs,
          grunt_megastairs_2
Lair:3:   gammafunk_lair_enchanted_lake
Lair:5:   slime_altar_2, infiniplex_staircase_pool_2
Lair:6:   gammafunk_lair_ancient_temple, lookout_lair_type, minivault_19,
          patterned_corridor
Shoals:1: ldierk_geyser, nicolae_shoals_undead_eyrie
Shoals:2: cheibrodos_shoals_gigantism, uniq_polyphemus, uniq_aizul
Shoals:4: shoals_end_simple, shoal_ilsuiw, serial_shops, nicolae_shop_trees
Spider:1: uniq_agnes
Spider:2: guppyfry_spider_mini_3, uniq_jorgrun, uniq_arachne
Spider:4: grunt_spider_rune_circles, nicolae_spider_cling_ruins
Orc:1:    serial_shops, shop_scrolls
Orc:2:    st_orc_rangers, uniq_snorg, uniq_saint_roka
Elf:1:    elf_arrival_001, serial_shops, nicolae_shop_trees,
          minmay_elf_necromancy, grunt_ministairs_1
Elf:2:    uniq_louise
Elf:3:    grunt_elf_hall_asides, minmay_shoptagon, uniq_donald
Vaults:1: grunt_vaults_focal, grunt_vaults_twisty, ontoclasm_vaults_twist,
          v_alt_pattern_5, ontoclasm_vaults_hangar, v_misc_29, vaults_dpeg_ring,
          nicolae_vaults_sealed_display, nicolae_vaults_shelves_hall
Vaults:2: v_misc_25, v_misc_1, nicolae_vaults_back_hallway,
          nicolae_vaults_statue_guard, blue_anna_dwarven_crypt,
          vaults_standard_mumra_lines, v_misc_26, vaults_room_semicircle,
          vaults_standard_mumra_enter_the_diamond, vaults_room_pool, v_rooms_2,
          v_rooms_5
Vaults:3: vaults_room_fours, v_pattern_3, ontoclasm_vaults_claustrophobia,
          hangedman_vaults_trim, hangedman_vaults_stretched_pinwheel,
          nicolae_vaults_diagonal_hallway_9, vaults_mumra_bighexcomb,
          vaults_room_hallway, nicolae_vaults_alarming, ontoclasm_vaults_chip,
          hangedman_vaults_trim, uniq_mara
Vaults:4: nicolae_vaults_asterisk, ontoclasm_vaults_bender, v_pattern_1,
          nicolae_vaults_little_squares_3, hangedman_vaults_cutoff,
          vaults_room_large_hall, vaults_dpeg_encased_lava, v_misc_28,
          v_misc_17, st_octagons_1, ontoclasm_vaults_misaligned,
          ontoclasm_vaults_decontamination, nicolae_vaults_little_ls,
          basic_altar, serial_shops, shop
Vaults:5: uniq_bai_suzhen
Crypt:1:  st_stairs_7, grunt_crypt_arrival_split
Crypt:2:  lemuel_freeze_loot_1
Crypt:3:  church_of_pain_bobbens, nicolae_tomb_entry_rubble_hallway,
          basic_altar, st_stairs_13
Depths:1: serial_sigils_hangedman_clutch, hell_entry, grunt_ministairs_8,
          serial_sigils_hangedman_quiver, minmay_door_square,
          serial_bayou_pond_e, minmay_crystal_water, kennysheep_big_empty_room,
          nicolae_twisting_strands, uniq_asterion
Depths:2: hangedman_box_tower, grunt_metal_band, hangedman_decor_growths,
          infiniplex_staircase_river, uniq_enchantress
Depths:3: minmay_skeleton_keep, hell_entry, pan_entry, uniq_sojobo
Depths:4: giant_chief_lemuel, lemuel_statue_altar, abyss_entry, hell_entry,
          grunt_pan_entry_zigzag, grunt_megastairs_5, uniq_boris
Depths:5: grunt_zot_entry_tricorne, enter_ziggurat_f, minmay_misc_feat_ornament,
          special_room, hell_entry, hangedman_decor_opposing, uniq_jory
Abyss:1:  evilmike_abyss_exit_glass
Abyss:2:  minivault_25
Abyss:3:  dshaligram_kb_abyss_rune_zappy_water_cross, evilmike_abyss_exit_16
Pan:      grunt_pan_pentagram, nicolae_pan_lom_lobonic_4,
          gammafunk_dig_for_victory, evilmike_mini_pan_branches, rand_demon_7,
          uniq_mennas_pan, pan_surprise, rand_demon_6,
          evilmike_mini_pan_pillars_b, nicolae_pan_mnolegish_5,
          regret_index_pan_draining_boxed, grunt_pan_in_and_out, rand_demon_6,
          nicolae_pan_sick_transit, evilmike_holy_pan
Ossuary:  minmay_ossuary_gauntlet
IceCv:    ice_cave_small_giant

Skill      XL: |  1  2  3  4  5  6  7  8  9 10 11 12 13 14 15 16 17 18 19 20 21 22 23 24 25 26 27 |
---------------+----------------------------------------------------------------------------------+-----
Long Blades    | 3 4 5 7 9 10 11 12 13 14 15 16 17 18 19 20 21 22 23 24 27 | 27.0
Fighting       | 4 5 6 8 9 10 11 13 14 15 16 17 18 19 20 21 22 24 | 24.9
Armour         | 4 5 6 8 9 10 11 13 14 15 16 17 18 19 20 21 22 24 | 24.9
Dodging        | 2 3 5 6 8 9 10 11 12 13 14 15 16 17 18 19 20 21 23 | 23.1
Shields        | 4 5 6 8 9 10 11 12 13 14 15 16 17 18 19 20 21 22 24 | 24.8
Invocations    | 2 3 4 6 7 8 9 10 11 12 13 14 15 16 17 18 19 21 | 21.4

Action                   |  1- 3 |  4- 6 |  7- 9 | 10-12 | 13-15 | 16-18 | 19-21 | 22-24 | 25-27 || total
-------------------------+-------+-------+-------+-------+-------+-------+-------+-------+-------++-------
Melee: Long sword        |    70 |       |       |       |       |       |       |       |       ||    70
       Headbutt          |    11 |    20 |    63 |   189 |   430 |   617 |   499 |   603 |   905 ||  3337
       Falchion          |    25 |   131 |   329 |   727 |  1573 |  2156 |    14 |       |       ||  4955
       Short sword       |       |       |       |       |    47 |       |       |       |       ||    47
       Eudemon blade     |       |       |       |       |       |       |  1926 |  1788 |  2452 ||  6166
Invok: Divine Shield     |       |       |       |     2 |     7 |     5 |     4 |     4 |     9 ||    31
       Cleansing Flame   |       |       |       |       |     6 |     5 |     2 |     5 |    16 ||    34
       Summon Divine War |       |       |       |       |     2 |     1 |     1 |     1 |     2 ||     7
       Brand Weapon With |       |       |       |       |       |       |     1 |       |       ||     1
Evoke: Wand              |       |       |       |     3 |     8 |    43 |     2 |       |     4 ||    60
  Use: Scroll            |       |     7 |     4 |     5 |    16 |     4 |    10 |     5 |    12 ||    63
       Potion            |       |       |       |     2 |     4 |       |     2 |     1 |     8 ||    17
  Eat: Chunk             |     1 |     6 |     6 |    17 |    38 |    27 |    26 |    31 |    32 ||   184
       Ration            |       |       |     1 |       |       |     2 |     3 |       |     6 ||    12
Armor: Scale mail        |    35 |    27 |       |       |    42 |       |       |       |       ||   104
       Chain mail        |       |    29 |   124 |    45 |       |       |       |       |       ||   198
       Plate armour      |       |       |       |   200 |   450 |  1048 |   509 |   463 |   494 ||  3164
Dodge: Dodged            |    25 |    31 |    51 |   170 |   485 |  1004 |   653 |   641 |   870 ||  3930
Block: Shield            |    55 |    65 |   124 |   383 |   833 |  1568 |  1359 |  1458 |   968 ||  6813
       Reflection        |       |       |       |       |       |       |     5 |    96 |    81 ||   182
       Large shield      |       |       |       |       |       |       |       |       |  1413 ||  1413
       Rpst.: Long sword |     6 |       |       |       |       |       |       |       |       ||     6
       Falchion          |     2 |     8 |    17 |    41 |    87 |   196 |     1 |       |       ||   352
       Eudemon blade     |       |       |       |       |       |       |   111 |   102 |   114 ||   327

Table legend:
 A = Spawn XP
 B = Non-spawn XP
 C = Spawn XP percentage of total XP
 D = Spawn monster count
 E = Non-spawn monster count
 F = Spawn count percentage of total count
 G = Total turns spent on level
                    A         B        C        D         E        F      G
               +---------+---------+-------+---------+---------+-------+---------
         Total |  157551 | 1869161 |   7.8 |     222 |    2934 |   7.0 | 64465
               +---------+---------+-------+---------+---------+-------+---------
           D:1 |       0 |      58 |   0.0 |       0 |      34 |   0.0 |   789
           D:2 |       0 |      67 |   0.0 |       0 |      31 |   0.0 |  1044
           D:3 |       0 |     216 |   0.0 |       0 |      14 |   0.0 |   822
           D:4 |       0 |     405 |   0.0 |       0 |      24 |   0.0 |   831
           D:5 |       0 |    2234 |   0.0 |       0 |      34 |   0.0 |   532
           D:6 |       0 |    1562 |   0.0 |       0 |      28 |   0.0 |   602
           D:7 |       0 |     913 |   0.0 |       0 |      19 |   0.0 |   748
           D:8 |       0 |    2165 |   0.0 |       0 |      30 |   0.0 |  1213
           D:9 |       0 |    5620 |   0.0 |       0 |      49 |   0.0 |  1101
          D:10 |       0 |    4772 |   0.0 |       0 |      37 |   0.0 |   929
          D:11 |       0 |    8247 |   0.0 |       0 |      38 |   0.0 |   827
          D:12 |       0 |    8478 |   0.0 |       0 |      35 |   0.0 |  1005
          D:13 |       0 |   14158 |   0.0 |       0 |      50 |   0.0 |  1178
          D:14 |       0 |   17480 |   0.0 |       0 |      58 |   0.0 |  1145
          D:15 |       0 |   25303 |   0.0 |       0 |      44 |   0.0 |  1087
        Lair:1 |       0 |    6434 |   0.0 |       0 |      18 |   0.0 |   798
        Lair:2 |       0 |    4853 |   0.0 |       0 |      25 |   0.0 |   889
        Lair:3 |       0 |    7623 |   0.0 |       0 |      21 |   0.0 |  1129
        Lair:4 |       0 |    5983 |   0.0 |       0 |      15 |   0.0 |   919
        Lair:5 |       0 |    6549 |   0.0 |       0 |      28 |   0.0 |   753
        Lair:6 |       0 |   16826 |   0.0 |       0 |      50 |   0.0 |  1317
      Shoals:1 |       0 |   16869 |   0.0 |       0 |      36 |   0.0 |   700
      Shoals:2 |       0 |   29460 |   0.0 |       0 |      50 |   0.0 |   860
      Shoals:3 |       0 |   14843 |   0.0 |       0 |      33 |   0.0 |   677
      Shoals:4 |       0 |   35264 |   0.0 |       0 |      53 |   0.0 |  1010
      Spider:1 |       0 |   24893 |   0.0 |       0 |      68 |   0.0 |  1305
      Spider:2 |       0 |   24813 |   0.0 |       0 |      57 |   0.0 |  1440
      Spider:3 |       0 |   11140 |   0.0 |       0 |      37 |   0.0 |   784
      Spider:4 |       0 |   30047 |   0.0 |       0 |      70 |   0.0 |  1524
         Orc:1 |       0 |    7412 |   0.0 |       0 |      34 |   0.0 |   873
         Orc:2 |       0 |    7912 |   0.0 |       0 |      62 |   0.0 |  1042
         Elf:1 |       0 |   21073 |   0.0 |       0 |      42 |   0.0 |   693
         Elf:2 |       0 |   32816 |   0.0 |       0 |      41 |   0.0 |   856
         Elf:3 |       0 |   66612 |   0.0 |       0 |      70 |   0.0 |  1618
      Vaults:1 |       0 |   47602 |   0.0 |       0 |      85 |   0.0 |  1828
      Vaults:2 |       0 |   48800 |   0.0 |       0 |      79 |   0.0 |  1500
      Vaults:3 |       0 |   47015 |   0.0 |       0 |      59 |   0.0 |  1821
      Vaults:4 |       0 |   83520 |   0.0 |       0 |      79 |   0.0 |  1829
      Vaults:5 |       0 |  139859 |   0.0 |       0 |     119 |   0.0 |  1672
       Crypt:1 |       0 |   27967 |   0.0 |       0 |      44 |   0.0 |   693
       Crypt:2 |       0 |   20679 |   0.0 |       0 |      34 |   0.0 |   795
       Crypt:3 |       0 |   78487 |   0.0 |       0 |     115 |   0.0 |  1316
      Depths:1 |       0 |   45988 |   0.0 |       0 |      58 |   0.0 |  1277
      Depths:2 |       0 |   82139 |   0.0 |       0 |      79 |   0.0 |  1950
      Depths:3 |       0 |   80330 |   0.0 |       0 |     107 |   0.0 |  1286
      Depths:4 |       0 |   74828 |   0.0 |       0 |      77 |   0.0 |  1466
      Depths:5 |       0 |   81388 |   0.0 |       0 |      79 |   0.0 |  1016
          Hell |       0 |   52799 |   0.0 |       0 |     101 |   0.0 |   636
       Abyss:1 |   13148 |    9412 |  58.3 |      22 |      28 |  44.0 |   477
       Abyss:2 |    9120 |    6402 |  58.8 |      20 |       9 |  69.0 |   341
       Abyss:3 |    9602 |   20888 |  31.5 |      23 |      57 |  28.8 |   500
           Pan |  125681 |  448196 |  21.9 |     157 |     338 |  31.7 |  9891
       Ossuary |       0 |     288 |   0.0 |       0 |      16 |   0.0 |   211
         IceCv |       0 |    9474 |   0.0 |       0 |      36 |   0.0 |   843
               +---------+---------+-------+---------+---------+-------+---------
